 Dungeon Crawl Stone Soup version 0.28-a0-1206-g193881aaa2 (webtiles) character file.

Game seed: 9403894011685030061

326864 tilp the Warrior (level 20, 0/189 HPs)
             Began as a Grey Draconian Cinder Acolyte on Dec 19, 2021.
             Was a High Priest of Ignis.
             Slain by an ettin (26 damage)
             ... on level 1 of the Vaults on Dec 20, 2021.
             The game lasted 01:17:06 (37230 turns).

tilp the Warrior (Grey Draconian Cinder Acolyte)   Turns: 37230, Time: 01:17:06

Health: 0/189      AC: 19    Str: 24    XL:     20   Next: 77%
Magic:  29/29      EV: 19    Int: 31    God:    Ignis [*****.]
Gold:   1813       SH:  5    Dex: 15    Spells: 22/31 levels left

rFire   + . .      SeeInvis .   a - +8 demon trident of the Thoughtful Shrikes {vorpal, Int+7}
rCold   . . .      Faith    .   u - +0 buckler {rPois}
rNeg    . . .      Spirit   .   (armour unavailable)
rPois   +          Reflect  .   y - +2 hat
rElec   .          Harm     .   c - +2 cloak
rCorr   .          Rampage  ∞   N - +2 pair of gloves
Will    +....                   Y - +3 pair of seven-league boots {Rampage+∞}
Stlth   ++++++....              m - amulet of regeneration
HPRegen 1.21/turn               d - ring "Ifeaxoax" {Str+6 Int+4 Dex+6}
MPRegen 0.21/turn               v - ring of Shadows {Umbra +Inv Stlth+}

@: lethally poisoned (0 -> 0), corroded, wreathed by umbra
A: AC +15, amphibious, unfitting armour, cold-blooded
}: 2/15 runes: decaying, gossamer
a: Renounce Religion, Evoke Invisibility, Fiery Armour, Foxfire Swarm, Rising
Flame


You were on level 1 of the Vaults.
You worshipped Ignis.
Ignis was extremely pleased with you.
You visited 6 branches of the dungeon, and saw 32 of its levels.
You also visited: Gauntlet and Ice Cave.

You collected 3274 gold pieces.
You spent 1461 gold pieces at shops.

Inventory:

Hand Weapons
 a - the +8 demon trident of the Thoughtful Shrikes (weapon) {vorpal, Int+7}
   (You acquired it on level 5 of the Dungeon)

   It inflicts extra damage upon your enemies.
   Int:       It affects your intelligence (+7).
Missiles
 C - 30 boomerangs
 D - 48 poisoned darts (quivered)
 E - a silver boomerang
 W - 9 curare-tipped darts
Armour
 c - a +2 cloak (worn)
 u - a +0 buckler of poison resistance (worn)
 y - a +2 hat (worn)
 N - a +2 pair of gloves (worn)
 Y - the +3 pair of seven-league boots (worn) {Rampage+∞}
   (You found it in an ice cave)

   Its wearer moves as far as possible in that direction when moving towards
   enemies.
Jewellery
 d - the ring "Ifeaxoax" (left hand) {Str+6 Int+4 Dex+6}
   (You found it in a Gauntlet)

   [ring of dexterity]

   Str:       It affects your strength (+6).
   Int:       It affects your intelligence (+4).
   Dex:       It affects your dexterity (+6).
 j - a ring of ice
 m - an amulet of regeneration (around neck)
 v - the ring of Shadows (right hand) {Umbra +Inv Stlth+}
   (You found it on level 5 of the Lair of Beasts)

   [ring of stealth]

   It surrounds you with an aura of shadow, increasing your stealth and reducing
   the accuracy of all others within it.
   +Inv:      It lets you turn invisible.
   Stlth:     It makes you more stealthy.
 B - a ring of willpower
 F - a ring of protection from fire
 T - a ring of fire
 X - a ring of see invisible
Wands
 b - a wand of charming (4)
 h - a wand of flame (71)
 r - a wand of digging (17)
 w - a wand of iceblast (40)
 H - a wand of mindburst (9)
 O - a wand of acid (10)
 Q - a wand of polymorph (13)
 Z - a wand of paralysis (9)
Scrolls
 e - 21 scrolls of teleportation
 f - 2 scrolls of summoning
 p - a scroll of blinking
 x - a scroll of holy word
 z - 8 scrolls of fog
 G - 6 scrolls of fear
 L - a scroll of magic mapping
Potions
 g - 9 potions of curing
 i - 5 potions of attraction
 k - 7 potions of heal wounds
 l - 6 potions of mutation
 n - 6 potions of flight
 o - 4 potions of magic
 q - 3 potions of ambrosia
 s - 2 potions of lignification
 t - 11 potions of haste
 I - a potion of berserk rage
 K - 5 potions of cancellation
 M - 3 potions of resistance
 S - a potion of invisibility
 V - 3 potions of might
Miscellaneous
 A - a box of beasts
 J - a tin of tremorstones (2/2)
 P - a condenser vane (inert)
 R - a phial of floods
 U - a lightning rod (4/4)


   Skills:
 + Level 18.7 Fighting
 - Level 6.0 Maces & Flails
 - Level 14.0 Polearms
 - Level 12.0 Throwing
 - Level 14.0 Dodging
 - Level 6.0 Stealth
 - Level 4.0 Shields
 - Level 6.0 Spellcasting
 - Level 6.0 Conjurations
 - Level 12.0 Fire Magic
 - Level 12.2 Evocations


You had 22 spell levels left.
You knew the following spells:

 Your Spells              Type           Power      Damage    Failure   Level
a - Scorch                Fire           100%       2d10      1%          2
b - Conjure Flame         Conj/Fire      60%        6-21      1%          3
c - Sticky Flame          Conj/Fire      60%        2d8       1%          4

Your spell library contained the following spells:

 Spells                   Type           Power      Damage    Failure   Level
 Magic Dart               Conj           100%       1d8       1%          1
 Searing Ray              Conj           92%        2d7       1%          2
 Static Discharge         Conj/Air       27%        N/A       2%          2
 Ignite Poison            Fire/Tmut/Pois 34%        N/A       2%          3
 Beastly Appendage        Tmut           18%        N/A       4%          1
 Sandblast                Erth           18%        2d7       4%          1
 Slow                     Hex            36%        N/A       4%          1
 Dazzling Flash           Conj/Hex       54%        N/A       4%          3
 Stone Arrow              Conj/Erth      54%        3d10      4%          3
 Corpse Rot               Necr/Air       18%        N/A       8%          2
 Passwall                 Tmut/Erth      7%         N/A       8%          2
 Poisonous Vapours        Pois/Air       18%        N/A       8%          2
 Wereblood                Tmut           9%         N/A       8%          2
 Confusing Touch          Hex            9%         N/A       14%         3
 Gell's Gravitas          Tloc           9%         N/A       14%         3
 Lesser Beckoning         Tloc           9%         N/A       14%         3
 Ozocubu's Armour         Ice            9%         N/A       14%         3
 Portal Projectile        Hex/Tloc       18%        N/A       14%         3
 Spider Form              Tmut/Pois      9%         N/A       14%         3
 Teleport Other           Tloc           9%         N/A       14%         3
 Vampiric Draining        Necr           9%         2d6       14%         3
 Fulminant Prism          Conj/Hex       13%        3d9       14%         4
 Lightning Bolt           Conj/Air       13%        1d27      36%         5
 Animate Dead             Necr           4%         N/A       43%         4
 Petrify                  Tmut/Erth      9%         N/A       43%         4
 Agony                    Necr           9%         N/A       80%         5
 Blade Hands              Tmut           4%         N/A       80%         5
 Borgnjor's Vile Clutch   Necr/Erth      4%         N/A       80%         5
 Excruciating Wounds      Necr           4%         N/A       80%         5
 Metabolic Englaciation   Hex/Ice        4%         N/A       80%         5
 Silence                  Hex/Air        4%         N/A       80%         5
 Iron Shot                Conj/Erth      13%        9d3       91%         6
 Death Channel            Necr           4%         N/A       100%        6
 Simulacrum               Ice/Necr       4%         N/A       100%        6
 Statue Form              Tmut/Erth      6%         N/A       100%        6
 Maxwell's Capacitive Co  Air            4%         ∞         100%        8
 Animate Armour           Summ/Erth      Unusable   N/A       N/A         4

Dungeon Overview and Level Annotations

Branches:
Dungeon (15/15)            Temple (0/1) D:4            Lair (6/6) D:11
  Swamp (4/4) Lair:2       Spider (4/4) Lair:3        Slime (0/5) Lair:5
    Orc (2/2) D:9             Elf (0/3) Orc:2        Vaults (1/5) D:14
  IceCv (visited)         Gauntlet (visited)
 Depths: D:15

Altars:
Ashenzari
Cheibriados
Dithmenos
Elyvilon
Kikubaaqudgha
Makhleb
Nemelex Xobeh
Ru
Sif Muna
Trog
Uskayaw
Vehumet
The Shining One
Beogh

Shops:
Orc:2 !?[(*   Vaults:1 *


Innate Abilities, Weirdness & Mutations

Your dull iron-grey scales are very hard. (AC +15)
You are amphibious.
You cannot fit into any form of body armour.
You are cold-blooded and may be slowed by cold attacks.


Message History

Press: ? - help, Dir - move target, f/p - ettin
Aim: an ettin, wielding two +0 dire flails (thunder, severely wounded, umbra, about 11% to evade the +8 demon trident of the Thoughtful Shrikes)
Something you can't see is in the way.
Deactivating autopickup; reactivate with Ctrl-A.
You puncture something!
Reactivating autopickup.
You feel a bit more experienced.
You feel sick.
The sphinx is struck by lightning.
The sphinx mumbles some strange words.
Something smites you!
* * * LOW HITPOINT WARNING * * *
Reach: a) +8 demon trident of the Thoughtful Shrikes {vorpal, Int+7}
Press: ? - help, Dir - move target, f/p - ettin
Aim: an ettin, wielding two +0 dire flails (thunder, severely wounded, umbra, about 11% to evade the +8 demon trident of the Thoughtful Shrikes)
You hit the ettin but do no damage.
Your tail-slap misses the ettin.
The ettin is severely wounded.
You feel sick.
The ettin is struck by lightning.
The ettin hits you with a +0 dire flail!!
* * * LOW HITPOINT WARNING * * *
The ettin hits you with a +0 dire flail.
* * * LOW HITPOINT WARNING * * *
You puncture the ettin!
You tail-slap the ettin, but do no damage.
The ettin is almost dead.
You feel sick.
The sphinx casts a spell.
Something smites you!
* * * LOW HITPOINT WARNING * * *
You hit the ettin.
The ettin is almost dead.
You block the ettin's attack.
The ettin hits you with a +0 dire flail!!
* * * LOW HITPOINT WARNING * * *
Unknown command.
You feel much better.
You feel sick.
The sphinx is struck by lightning.
You kill the sphinx!
The ettin hits you with a +0 dire flail.
* * * LOW HITPOINT WARNING * * *
The ettin hits you with a +0 dire flail!!
You die...

#..#####..# #......
#..HT...§§# #......
#..CT..§§§# #......
#..#####§§# #...?.. #
#§§# ######'### #§§#
#......## #§§#
#..#.#..##
####C#######.#..#...#
#..§@§.....'....###..
#..........#.#### #..
#..........#...# ####
#..........##..###...
#..........###...#..#
#..........# ##..#.#.
#..........# ##.....
#..........# ###'##
##################...


You could see an ettin.

Vanquished Creatures
  the Lernaean hydra (Swamp:4)
  Jorgrun (D:15)
  A sphinx (Vaults:1)
  Frances (D:12)
  The ghost of qborf the Apostle, an adept HOFi of Beogh (Swamp:3)
  The ghost of Cemuf the Nimble, an adept DjFE of Elyvilon (Lair:4)
  4 ghost moths
  6 emperor scorpions
  An ironbound preserver (Vaults:1)
  2 eleionomae (Swamp:1)
  4 entropy weavers
  A minotaur (Gauntlet)
  2 bunyips
  3 spark wasps
  Snorg (D:13)
  A yaktaur captain (Vaults:1)
  2 shambling mangroves
  A fire dragon (Lair:6)
  7 boulder beetles
  Erolcha (D:9)
  23 hydras
  An ogre mage (D:14)
  3 vault guards (D:14)
  2 ice dragons
  A rakshasa (D:13)
  2 death knights (D:13)
  3 ghost crabs
  2 catoblepae
  Erica (D:8)
  13 centaur warriors
  9 two-headed ogres
  8 alligators
  Urug (Lair:2)
  2 tengu warriors
  A vampire mage (D:14)
  2 shock serpents (shapeshifter) (D:13)
  16 spriggans
  A shadow wraith (Vaults:1)
  2 skeletal warriors
  4 deep trolls (Vaults:1)
  5 spriggan druids
  6 goliath frogs
  12 swamp dragons
  6 spriggan simulacra
  4 bog bodies
  An obsidian statue (IceCv)
  3 lindwurms
  A wizard (D:14)
  6 deep elf pyromancers
  5 orc knights
  4 oklob plants
  31 wolf spiders
  8 manticores
  26 orb spiders
  A wolf spider (shapeshifter) (Vaults:1)
  6 cyclopes
  6 will-o-the-wisps
  A moth of wrath (Spider:1)
  6 ugly things
  6 elephants (Lair:4)
  9 black mambas
  2 vault sentinels (Vaults:1)
  A guardian serpent (shapeshifter) (D:13)
  Maggie (D:7)
  A torpor snail (Lair:4)
  16 cane toads
  Psyche (D:8)
  2 gargoyles
  11 komodo dragons
  8 rime drakes
  2 efreet
  6 freezing wraiths (IceCv)
  2 entropy weaver simulacra
  An anaconda simulacrum (IceCv)
  7 demonic crawlers
  2 tengu conjurers (D:14)
  4 trolls
  14 tyrant leeches
  39 jumping spiders
  24 hornets
  3 ice devils (IceCv)
  A merfolk (shapeshifter) (D:13)
  A polar bear (Lair:5)
  A meliai (D:13)
  15 blink frogs
  Grinder (D:5)
  14 slime creatures
  15 dream sheep
  A centaur simulacrum (D:15)
  82 redbacks
  9 flying skulls (Gauntlet)
  28 tarantellas
  57 yaks
  3 dire elephant simulacra (IceCv)
  6 wyverns
  14 humans
  3 wraiths
  9 basilisks
  Grum (D:8)
  2 vampires
  22 vampire mosquitoes
  4 steam dragons
  4 wargs
  3 minotaur simulacra (D:15)
  2 harpy simulacra
  15 swamp worms
  2 acid dragons
  14 water moccasins
  37 orc warriors
  9 swamp drakes
  2 sky beasts
  A necrophage (D:8)
  A black bear (shapeshifter) (D:14)
  A boulder beetle simulacrum (Lair:4)
  2 black mamba simulacra (Lair:4)
  An alligator simulacrum (D:15)
  A boggart (D:9)
  A tengu (shapeshifter) (D:13)
  29 centaurs
  7 wolves
  9 ogres
  2 phantoms
  2 kobold brigands
  15 bullfrogs
  A gnoll sergeant (D:7)
  A scorpion (D:5)
  A wyvern skeleton (D:7)
  5 deep troll simulacra
  A wyvern zombie (D:7)
  29 killer bees
  A blink frog simulacrum (Lair:4)
  A dream sheep simulacrum (Lair:4)
  5 wights
  A howler monkey (D:10)
  An electric eel (Spider:3)
  A centaur zombie (D:7)
  A komodo dragon simulacrum (Lair:4)
  2 jellies (D:6)
  5 hounds
  A bullfrog skeleton (D:6)
  A centaur skeleton (D:7)
  4 orc priests
  13 orc wizards
  7 iguanas
  Natasha (thrice) (D:2)
  9 hell rats
  A polar bear simulacrum (Lair:4)
  2 hound skeletons (D:4)
  3 howler monkey zombies
  A howler monkey skeleton (D:7)
  16 gnolls
  10 adders
  A shadow imp (D:7)
  A white imp (D:5)
  2 ufetubi
  An adder skeleton (D:4)
  A dart slug (D:1)
  56 orcs
  4 endoplasms
  5 giant cockroaches
  6 goblins
  4 hobgoblins
  11 kobolds
  4 quokkas
  6 ball pythons
  4 bats
  5 frilled lizards
  4 rats
1130 creatures vanquished.

Vanquished Creatures (collateral kills)
  3 hydras
  3 slime creatures (D:11)
6 creatures vanquished.

Vanquished Creatures (others)
  A rime drake (Lair:6)
  A tyrant leech (Swamp:1)
  2 bloated husks
  2 hornets
  2 spriggans
  A human (D:14)
  A vampire mosquito (Swamp:2)
  An orc wizard (D:4)
  25 foxfires
  23 fungi
  34 plants
  4 withered plants (Gauntlet)
97 creatures vanquished.

Grand Total: 1233 creatures vanquished

Notes
Turn   | Place    | Note
-------+----------+-------------------------------------------
     0 | D:1      | tilp the Draconian Cinder Acolyte began the quest for the
                  | Orb.
     0 | D:1      | Reached XP level 1. HP: 19/19 MP: 2/2
   408 | D:1      | Reached XP level 2. HP: 27/27 MP: 3/3
   419 | D:1      | Reached skill level 4 in Fighting
   882 | D:1      | Found a faded altar of an unknown god.
   900 | D:1      | Reached skill level 1 in Dodging
  1163 | D:2      | Reached XP level 3. HP: 25/33 MP: 4/4
  1298 | D:2      | Noticed Natasha
  1310 | D:2      | Killed Natasha
  1311 | D:2      | Reached skill level 1 in Stealth
  1407 | D:2      | Noticed Natasha
  1418 | D:2      | Killed Natasha
  1419 | D:2      | Reached XP level 4. HP: 17/40 MP: 5/5
  1661 | D:2      | Noticed Natasha
  1672 | D:2      | Killed Natasha
  1993 | D:2      | Learned a level 2 spell: Scorch
  2443 | D:3      | Reached XP level 5. HP: 46/46 MP: 6/6
  2927 | D:3      | Found a broken altar of Ashenzari.
  3574 | D:4      | Found a snail-covered altar of Cheibriados.
  3597 | D:4      | Reached XP level 6. HP: 48/52 MP: 9/9
  3875 | D:4      | Found a staircase to the Ecumenical Temple.
  4241 | D:4      | Reached skill level 5 in Fire Magic
  4545 | D:5      | Entered Level 5 of the Dungeon
  4770 | D:5      | Your scales start taking on a dull iron-grey colour.
  4770 | D:5      | Reached XP level 7. HP: 48/59 MP: 2/10
  4980 | D:5      | Reached skill level 5 in Maces & Flails
  5062 | D:5      | Noticed Grinder
  5615 | D:5      | Paralysed by Grinder for 3 turns
  5619 | D:5      | Killed Grinder
  5620 | D:5      | Reached skill level 5 in Fighting
  5620 | D:5      | Reached XP level 8. HP: 57/70 MP: 11/11
  5757 | D:5      | Identified a scroll of acquirement
  5757 | D:5      | Acquired the +8 demon trident of the Thoughtful Shrikes
                  | {vorpal, Int+7}
  5979 | D:6      | Reached skill level 6 in Fighting
  5979 | D:6      | Reached skill level 1 in Polearms
  6540 | D:6      | Reached skill level 5 in Polearms
  6607 | D:6      | Found an ancient bone altar of Kikubaaqudgha.
  6829 | D:6      | Found a bloodstained altar of Trog.
  6908 | D:7      | Noticed Maggie
  6961 | D:7      | Reached XP level 9. HP: 73/74 MP: 12/12
  7329 | D:7      | Killed Maggie
  7412 | D:7      | Reached skill level 10 in Polearms
  7573 | D:7      | Found a radiant altar of Vehumet.
  7573 | D:7      | Found a shadowy altar of Dithmenos.
  7954 | D:8      | Reached XP level 10. HP: 83/83 MP: 13/13
  8187 | D:8      | Noticed Grum
  8252 | D:8      | Killed Grum
  8487 | D:8      | Found a burning altar of Makhleb.
  8487 | D:8      | Found a glowing golden altar of the Shining One.
  8487 | D:8      | Found a shimmering blue altar of Sif Muna.
  8487 | D:8      | Found a white marble altar of Elyvilon.
  8495 | D:8      | Noticed Psyche
  8496 | D:8      | Found a sacrificial altar of Ru.
  8521 | D:8      | Noticed Erica
  8538 | D:8      | Killed Erica
  8540 | D:8      | Killed Psyche
  8812 | D:8      | Found a hide-covered altar of Uskayaw.
  9165 | D:9      | Noticed a centaur warrior
  9166 | D:9      | Noticed a cyclops
  9168 | D:9      | Noticed a tengu warrior
  9271 | D:9      | Found a staircase to the Orcish Mines.
  9672 | D:9      | Killed a cyclops
  9673 | D:9      | Reached XP level 11. HP: 22/89 MP: 14/14
  9809 | D:9      | Noticed a skeletal warrior
  9828 | D:9      | Killed a skeletal warrior
  9852 | D:9      | Noticed a deep elf pyromancer
  9972 | D:9      | Noticed a centaur warrior
  9978 | D:9      | Noticed a centaur warrior
 10033 | D:9      | Killed a tengu warrior
 10062 | D:9      | Noticed a purple ugly thing
 10077 | D:9      | Killed a purple ugly thing
 10078 | D:9      | Reached skill level 7 in Fighting
 10090 | D:9      | Killed a centaur warrior
 10218 | D:9      | Killed a centaur warrior
 10219 | D:9      | Reached skill level 8 in Fighting
 10337 | D:9      | Killed a centaur warrior
 10338 | D:9      | Reached skill level 1 in Throwing
 10338 | D:9      | Reached skill level 1 in Evocations
 10506 | D:10     | Entered Level 10 of the Dungeon
 10833 | D:10     | Learned a level 3 spell: Conjure Flame
 10838 | D:10     | Learned a level 4 spell: Sticky Flame
 11214 | D:11     | Noticed an eight-headed hydra
 11224 | D:11     | Noticed a boulder beetle
 11370 | D:9      | Killed a deep elf pyromancer
 11419 | Orc:1    | Entered Level 1 of the Orcish Mines
 11551 | Orc:1    | Noticed an orc knight
 11571 | D:9      | Killed an orc knight
 11785 | Orc:1    | Noticed a two-headed ogre
 11789 | Orc:1    | Noticed Erolcha
 11826 | D:9      | Killed a two-headed ogre
 11827 | D:9      | Reached skill level 1 in Conjurations
 11903 | D:9      | Killed Erolcha
 11904 | D:9      | Reached XP level 12. HP: 102/102 MP: 15/15
 12251 | D:11     | Killed a boulder beetle
 12770 | D:11     | Noticed a boulder beetle
 12830 | D:11     | Killed a boulder beetle
 12880 | D:11     | Reached skill level 9 in Fighting
 12903 | D:11     | Found a staircase to the Lair.
 13083 | Lair:1   | Entered Level 1 of the Lair of Beasts
 13419 | Lair:1   | Reached skill level 10 in Fighting
 13999 | Lair:2   | Noticed a catoblepas
 14035 | Lair:2   | Killed a catoblepas
 14036 | Lair:2   | Reached skill level 1 in Shields
 14340 | Lair:2   | Found a staircase to the Swamp.
 14352 | Lair:2   | Noticed Urug
 14364 | Lair:2   | Killed Urug
 14412 | Lair:2   | Noticed an eight-headed hydra
 14422 | Lair:2   | Killed an eight-headed hydra
 14423 | Lair:2   | Reached XP level 13. HP: 73/113 MP: 19/19
 15127 | Lair:3   | Reached skill level 10 in Fire Magic
 15371 | Lair:3   | Found a hole to the Spider Nest.
 15479 | Lair:3   | Reached skill level 5 in Dodging
 16178 | Lair:4   | Reached skill level 5 in Evocations
 16180 | Lair:4   | Reached skill level 5 in Stealth
 16184 | Lair:4   | Found a gate leading to a gauntlet.
 16201 | Gauntlet | Entered a Gauntlet
 16201 | Gauntlet | Found a transporter.
 16201 | Gauntlet | Found a transporter.
 16203 | Gauntlet | Found a transporter.
 16203 | Gauntlet | Found a transporter.
 16206 | Gauntlet | Found a transporter.
 16242 | Gauntlet | Found a transporter.
 16245 | Gauntlet | Found a transporter.
 16245 | Gauntlet | Found a transporter.
 16251 | Gauntlet | Noticed a dire elephant
 16264 | Gauntlet | Found a transporter.
 16280 | Gauntlet | Found a transporter.
 16289 | Gauntlet | Found a runed translucent gate.
 16290 | Gauntlet | Found a transporter.
 16290 | Gauntlet | Found a runed translucent gate.
 16291 | Gauntlet | Found a runed translucent gate.
 16295 | Gauntlet | Found a transporter.
 16341 | Gauntlet | Found a transporter.
 16354 | Gauntlet | Found a transporter.
 16458 | Gauntlet | Reached XP level 14. HP: 105/122 MP: 20/20
 16469 | Gauntlet | Identified the ring "Ifeaxoax" {Str+6 Int+4 Dex+6}
 16505 | Gauntlet | Reached skill level 11 in Fighting
 16534 | Lair:4   | Found a runed translucent gate.
 16534 | Lair:4   | Found a runed translucent gate.
 16534 | Lair:4   | Found a runed translucent gate.
 16658 | Lair:4   | Found a dark tunnel.
 16859 | Lair:4   | Noticed Cemuf's ghost (adept DjFE)
 17931 | Lair:5   | Reached XP level 15. HP: 129/132 MP: 21/21
 18061 | Lair:5   | Noticed Nessos
 18067 | Lair:5   | Reached skill level 12 in Fighting
 18070 | Lair:5   | Noticed Nessos
 18070 | Lair:5   | Nessos changed into Nessos the cyclops
 18085 | Lair:5   | Killed Nessos the cyclops
 18162 | Lair:5   | Found the ring of Shadows {Umbra +Inv Stlth+}
 18202 | Lair:5   | Found a staircase to the Slime Pits.
 18678 | Lair:6   | Entered Level 6 of the Lair of Beasts
 18755 | Lair:6   | Identified the ring of Intercession {EV+4 Str+2}
 19079 | Lair:6   | Reached skill level 10 in Dodging
 19339 | Lair:6   | Reached skill level 5 in Conjurations
 19462 | Lair:6   | Reached skill level 5 in Spellcasting
 20101 | Orc:2    | Entered Level 2 of the Orcish Mines
 20752 | Orc:2    | Found a staircase to the Elven Halls.
 20869 | Orc:2    | Found Cuthrux's Armour Shoppe.
 20869 | Orc:2    | Found Feohakhlo's Magic Scroll Shop.
 20869 | Orc:2    | Found Ewidgh's Distillery.
 20872 | Orc:2    | Found Myut's Antique Weapon Emporium.
 20884 | Orc:2    | Bought a translucent glaive for 264 gold pieces
 20884 | Orc:2    | Identified the +6 glaive "Zaagupt" {vorpal, rF- Dex+9} (You
                  | bought it in a shop on level 2 of the Orcish Mines)
 20889 | Orc:2    | Bought a scroll of enchant armour for 97 gold pieces
 20889 | Orc:2    | Bought a scroll of summoning for 123 gold pieces
 20889 | Orc:2    | Bought a scroll of blinking for 97 gold pieces
 20892 | Orc:2    | Bought a potion of haste for 160 gold pieces
 20892 | Orc:2    | Bought a potion of haste for 160 gold pieces
 21148 | Orc:2    | Found Laonn's Gadget Gallery.
 21169 | Orc:2    | Bought a condenser vane for 560 gold pieces
 21598 | D:12     | Noticed Sonja
 21599 | D:12     | Noticed Sonja
 21599 | D:12     | Sonja changed into Sonja the basilisk
 21605 | D:12     | Killed Sonja the basilisk
 21920 | D:12     | Noticed Frances
 21921 | D:12     | Upgraded the game from 0.28-a0-1199-gef9e1dbd39 to
                  | 0.28-a0-1206-g193881aaa2
 22413 | D:13     | Noticed Snorg
 22447 | D:13     | Killed Snorg
 22562 | D:13     | Reached skill level 13 in Fighting
 22768 | D:13     | Reached XP level 16. HP: 138/143 MP: 25/25
 22798 | D:13     | Got Wump's Disquisition on Ghastly Confrontation
 22979 | D:13     | Identified the +7 chain mail of Kindness {Str+4}
 23036 | D:13     | Identified the +2 chain mail "Trusted Companion" {Str+8}
 23754 | D:14     | Identified the +8 war axe "Demonslayer" {vorpal, rElec rF-
                  | Dex+7 Stlth+}
 23970 | D:14     | Reached skill level 14 in Fighting
 24011 | D:14     | Found a gate to the Vaults.
 24576 | D:14     | Reached skill level 15 in Fighting
 24668 | D:15     | Entered Level 15 of the Dungeon
 24750 | D:15     | Found a frozen archway.
 24794 | D:15     | Reached skill level 5 in Throwing
 24906 | IceCv    | Entered an ice cave
 25318 | IceCv    | Found the +3 pair of seven-league boots {Rampage+∞}
 25832 | IceCv    | Noticed an Ice Fiend
 25841 | IceCv    | Noticed an Ice Fiend
 26125 | D:15     | Found a sparkling altar of Nemelex Xobeh.
 26245 | D:15     | Identified the amulet "Huexaal" {Faith rPois Str-2 Int+3}
 26331 | D:15     | Noticed Jorgrun
 26353 | D:15     | Killed Jorgrun
 26502 | D:15     | Reached XP level 17. HP: 156/156 MP: 26/26
 26851 | Lair:4   | Killed Cemuf's ghost
 27159 | D:12     | Killed Frances
 27350 | Spider:1 | Entered Level 1 of the Spider Nest
 27664 | Spider:1 | Reached XP level 18. HP: 142/163 MP: 27/27
 27919 | Spider:1 | Reached skill level 10 in Evocations
 28718 | Spider:2 | Reached skill level 16 in Fighting
 29669 | Spider:3 | Reached skill level 17 in Fighting
 30128 | Spider:3 | Reached skill level 18 in Fighting
 30488 | Spider:4 | Entered Level 4 of the Spider Nest
 30743 | Spider:4 | Identified the +5 hand crossbow of Foewal {flame, rC+}
 30746 | Spider:4 | Identified the +3 chain mail of the Elephant {Str-5 Slay+5}
 32358 | Spider:4 | Got a gossamer rune of Zot
 32655 | Swamp:1  | Entered Level 1 of the Swamp
 32863 | Lair:2   | Reached XP level 19. HP: 172/179 MP: 28/28
 32917 | Swamp:1  | Reached skill level 10 in Throwing
 33408 | Swamp:1  | Identified the +4 kite shield of the Evening {Harm}
 34772 | Swamp:3  | Found a runed translucent door.
 34775 | Swamp:3  | Noticed qborf's ghost (adept HOFi)
 34888 | Swamp:3  | Reached XP level 20. HP: 187/187 MP: 29/29
 35464 | Swamp:3  | Killed qborf's ghost
 35511 | Swamp:4  | Entered Level 4 of the Swamp
 36175 | Swamp:4  | Noticed the 27-headed Lernaean hydra
 36199 | Swamp:4  | Killed the 27-headed Lernaean hydra
 36560 | Swamp:4  | Got a decaying rune of Zot
 36919 | Vaults:1 | Entered Level 1 of the Vaults
 37115 | Vaults:1 | Found Sucyke Sojai's Assorted Antiques.
 37229 | Vaults:1 | HP: 9/189 [ettin (25)]
 37230 | Vaults:1 | Slain by an ettin

Illustrated notes

Levels and vault maps discovered:
D:1:      psy_arrival_spokes, layout_basic, ebering_ecumenical_altar_hall
D:2:      layout_rooms, uniq_natasha
D:3:      layout_loops_ring, lemuel_coloured_pillars_altar,
          hangedman_abyss_or_decor_lesser_grid
D:4:      layout_basic, mainiacjoe_overflow_surrounded_room,
          minmay_temple_entry_gardened_gates
D:5:      layout_cave_pools, uniq_grinder
D:6:      layout_basic, gammafunk_temple_overflow_statue
D:7:      layout_cave_pools, gammafunk_temple_overflow_pools, minmay_ruffians,
          uniq_maggie
D:8:      layout_loops_ring, minmay_overflow_temple_hex, uniq_psyche,
          uniq_erica, uniq_grum
D:9:      layout_stronghold, orc_0_dummy, minivault_28
D:10:     layout_irregular_city
D:11:     layout_rooms, erik_lair_dragon
D:12:     layout_rooms, uniq_sonja, uniq_frances
D:13:     hangedman_cross_cluster, layout_loops_ring, uniq_snorg
D:14:     minmay_razor_zed, layout_loops_cross, ximxim_vaults_locker_room,
          hangedman_decor_push, nzn_life_drinkers
D:15:     gammafunk_enter_depths_forms, layout_rooms,
          portal_ice_cave_entry_ice_simulacra, chequers_serial_rivers_small_b,
          nemelex_lonely_heart_becter, uniq_jorgrun
Lair:1:   layout_gridlike
Lair:2:   layout_loops_ring, swamp_mist, columned_hall_lemuel, uniq_urug
Lair:3:   layout_gridlike, spider_nest_entry_webs
Lair:4:   nzn_winding_woodlands_medium [nzn_winding_woodlands_5x5_perimeter,
          nzn_winding_woodlands_5x15_jagged, nzn_winding_woodlands_5x5_three,
          nzn_winding_woodlands_5x5_closed_star,
          nzn_winding_woodlands_center_garden,
          nzn_winding_woodlands_5x5_open_star,
          nzn_winding_woodlands_5x5_checkerboard,
          nzn_winding_woodlands_5x15_parted, nzn_winding_woodlands_5x5_cross],
          layout_layer_cave, gammafunk_ghost_icy,
          nicolae_volcano_entry_vermiform, gauntlet_entry_generic
Lair:5:   layout_regular_city, minmay_slime_entry_oklob_open, serial_forest,
          infiniplex_forest_straight_1, infiniplex_forest_straight_4,
          infiniplex_forest_straight_5, infiniplex_forest_end_2,
          infiniplex_forest_clump_double, infiniplex_forest_diagonal,
          infiniplex_forest_end_2, infiniplex_forest_end_2,
          infiniplex_forest_end_2, uniq_nessos
Lair:6:   guppyfry_lair_end_dragon, layout_regular_city
Swamp:1:  layout_basic_swamp, nicolae_swamp_tree_designs
Swamp:2:  layout_falls_marsh, hangedman_swamp_ruin_wall
Swamp:3:  layout_basic_swamp, hellmonk_ghost_happy_afterlife,
          evilmike_swamp_ruin_house_4
Swamp:4:  swamp_old_school, layout_basic_swamp
Spider:1: layout_chambers, drop_trap
Spider:2: layout_spider_delve
Spider:3: layout_spider_delve, hangedman_spider_tarantella_strand
Spider:4: spider_rune_water
Orc:1:    layout_caves, basic_altar, uniq_erolcha
Orc:2:    st_orc_rangers, layout_caves, nicolae_shop_gadgets
Vaults:1: hangedman_vaults_nails, vaults_dpeg_doors, hangedman_vaults_capsules,
          ontoclasm_vaults_shout, ontoclasm_vaults_fault, v_misc_17, v_misc_22,
          vaults_room_pool, hangedman_vaults_corner_blocks, grunt_vaults_twisty,
          nicolae_vaults_network_barrier, nicolae_vaults_theta,
          layout_vaults_maze_bifur, serial_shops, shop, uniq_nikola

Skill      XL: |  1  2  3  4  5  6  7  8  9 10 11 12 13 14 15 16 17 18 19 20 |
---------------+-------------------------------------------------------------+-----
Fighting       | 4 5 6 8 10 11 13 15 18 | 18.7
Dodging        | 1 2 4 7 8 10 12 14 | 14.0
Stealth        | 1 2 4 5 6 |  6.0
Maces & Flails | 4 6 |  6.0
Spellcasting   | 2 4 6 |  6.0
Fire Magic     | 4 6 9 10 12 | 12.0
Polearms       | 6 10 14 | 14.0
Throwing       | 4 7 8 9 12 | 12.0
Evocations     | 4 5 6 7 9 11 12 | 12.2
Conjurations   | 1 4 6 |  6.0
Shields        | 2 4 |  4.0

Action                   |  1- 3 |  4- 6 |  7- 9 | 10-12 | 13-15 | 16-18 | 19-21 || total
-------------------------+-------+-------+-------+-------+-------+-------+-------++-------
Melee: Mace              |   116 |    12 |       |       |       |       |       ||   128
       Tailslap          |     6 |     6 |    14 |    48 |   110 |   242 |   104 ||   530
       Whip              |       |    52 |    34 |       |       |       |       ||    86
       Demon trident     |       |       |   161 |   611 |  1021 |  1456 |   692 ||  3941
       Unarmed           |       |       |       |     9 |       |       |       ||     9
 Cast: Scorch            |       |    52 |    60 |    41 |     6 |     9 |     1 ||   169
       Sticky Flame      |       |       |       |       |     8 |    29 |       ||    37
       Conjure Flame     |       |       |       |       |     1 |     5 |     1 ||     7
Invok: Foxfire Swarm     |       |       |     1 |       |       |       |       ||     1
 Abil: Evoke Invisibilit |       |       |       |       |     1 |       |       ||     1
Evoke: Wand              |       |       |       |     1 |     2 |     1 |       ||     4
       Lightning rod     |       |       |       |       |     4 |       |       ||     4
       Box of beasts     |       |       |       |       |     1 |       |     1 ||     2
       Condenser vane    |       |       |       |       |       |     2 |     3 ||     5
  Use: Scroll            |     3 |     5 |     5 |     9 |    12 |     4 |     1 ||    39
       Potion            |     2 |       |       |     2 |     4 |     5 |     2 ||    15
 Stab: Distracted        |       |       |       |     3 |     3 |     5 |     3 ||    14
       Sleeping          |       |       |       |     6 |    33 |    21 |    18 ||    78
       Petrified         |       |       |       |     2 |       |       |       ||     2
       Invisible         |       |       |       |       |     3 |       |       ||     3
Armor: Skin              |    43 |    33 |    86 |   232 |   234 |   608 |   326 ||  1562
Dodge: Dodged            |    90 |    26 |   103 |   219 |   408 |   984 |   448 ||  2278
Block: Buckler           |       |       |       |       |   114 |   243 |   109 ||   466

Table legend: (Time is in decaauts)
 A = Elapsed time spent in this place.
 B = Non-inter-level travel time spent in this place.
 C = Inter-level travel time spent in this place.
 D = Time resting spent in this place.
 E = Time spent auto-exploring this place.
 F = Levels seen in this place.
 G = Mean time per level.
                   A        B        C        D        E       F      G
               +--------+--------+--------+--------+--------+-----+--------+
         Total |  35842 |  32797 |   3045 |   5269 |  20355 |  34 | 1054.2 |
       Dungeon |  17375 |  15577 |   1798 |   2374 |  10401 |  15 | 1158.3 |
          Lair |   6901 |   6175 |    726 |    708 |   4057 |   6 | 1150.2 |
         Swamp |   3588 |   3428 |    160 |    735 |   1901 |   4 |  897.0 |
   Spider Nest |   4889 |   4568 |    321 |    573 |   3001 |   4 | 1222.2 |
  Orcish Mines |   1597 |   1560 |     37 |    271 |    834 |   2 |  798.5 |
        Vaults |    255 |    255 |      0 |      0 |    161 |   1 |  255.0 |
      Ice Cave |    950 |    950 |      0 |    606 |      0 |   1 |  950.0 |
      Gauntlet |    284 |    284 |      0 |      0 |      0 |   1 |  284.0 |
               +--------+--------+--------+--------+--------+-----+--------+

Top non-repeatable levels by time:
     D:9: 1923 daAuts
Spider:4: 1914 daAuts
  Lair:4: 1774 daAuts
     D:4: 1691 daAuts
    D:11: 1649 daAuts
    D:13: 1355 daAuts
  Lair:2: 1233 daAuts
     D:6: 1202 daAuts
Spider:1: 1182 daAuts
    D:14: 1180 daAuts
     D:8: 1173 daAuts
     D:5: 1160 daAuts
     D:1: 1140 daAuts
   Orc:2: 1118 daAuts
 Swamp:1: 1111 daAuts
